 Dungeon Crawl Stone Soup version 0.31-a0-1068-g5939ac1fb6 (webtiles) character file.

Game seed: 8469521279491037505

8 Chiseanne the Charlatan (level 2, 10/22 HPs)
             Began as a Demonspawn Wanderer on Nov 24, 2023.
             Quit the game on level 1 of the Dungeon.
             The game lasted 00:00:16 (156 turns).

Chiseanne the Charlatan (Demonspawn Wanderer)        Turns: 156, Time: 00:00:16

Health: 10/22      AC:  3    Str: 11    XL:     2   Next: 0%
Magic:  2/2        EV: 10    Int: 10    God:
Gold:   0          SH:  0    Dex: 16    Spells: 1/1 levels left

rFire   . . .        a - +0 war axe
rCold   . . .        (no shield)
rNeg    . . .        e - +0 leather armour
rPois   .            (no helmet)
rElec   .            (no cloak)
rCorr   .            (no gloves)
SInv    .            (no boots)
Will    .....        (no amulet)
Stlth   ++           (no ring)
HPRegen 0.23/turn    (no ring)
MPRegen 0.08/turn

%: no passive effects
@: mildly poisoned (10 -> 9)
A: hooves 1
a: no special abilities


You were on level 1 of the Dungeon.
You visited 1 branch of the dungeon, and saw 1 of its levels.

Inventory:

Hand Weapons
 a - a +0 war axe (weapon)
 b - a +0 short sword
Missiles
 f - 6 stones
Armour
 e - a +0 leather armour (worn)
Wands
 c - a wand of flame (5) (quivered)
Scrolls
 d - a scroll of fear


   Skills:
 * Level 1.6 Fighting
 - Level 1.7 Short Blades
 - Level 2.6 Axes
 - Level 1.0 Armour
 - Level 1.0 Stealth
 - Level 3.0 Evocations


You had one spell level left.
You didn't know any spells.
Your spell library was empty.

Dungeon Overview and Level Annotations

Branches:
Dungeon (1/15)

Altars:


Innate Abilities, Weirdness & Mutations

You have large cloven feet.


Message History

A goblin comes into view. It is wielding a +0 dagger.
A rat comes into view.
The goblin shouts!
You hear a shout! x2
A kobold comes into view.
It is wielding a +1 short sword of venom.
Found a metallic sapphire potion.
The goblin barely misses you.
A goblin comes into view. It is wielding a +0 dagger.
You closely miss the goblin.
The goblin shouts!
The goblin barely misses you. The goblin hits you with a +0 dagger.
You barely miss the goblin.
A kobold comes into view. It is wielding a +0 dagger.
The goblin hits you but does no damage.
The kobold shouts!
You hit the goblin.
The goblin is severely wounded.
A kobold comes into view. It is wielding a +0 short sword.
The goblin misses you. The goblin hits you with a +0 dagger.
You hit the goblin.
You kill the goblin!
You miss the kobold. The kobold completely misses you.
You closely miss the kobold. The kobold misses you.
The kobold hits you but does no damage.
You are poisoned.
You barely miss the kobold.
You feel very sick. The kobold barely misses you.
You hit the kobold.
The kobold is moderately wounded.
You feel sick. The kobold barely misses you.
You hit the kobold.
You kill the kobold!
You feel sick. The rat bites you but does no damage.
You hit the rat.
You kill the rat!
You feel sick.
The kobold throws a stone.
The stone hits you but does no damage.
You have reached level 2!
Your demonic ancestry asserts itself...
Your feet thicken and deform.
Are you sure you want to abandon this character and quit the game? (Confirm with "yes".)

~~~~...........# ♣♣~♣ #
#............#♣♣~♣♣
.#~##............#♣~♣♣~
~.~..~....#.†....#♣~♣~♣
.##.....#..[...♣♣~♣~♣
#..####......♣8~♣~♣
#..#..#......♣♣~♣~♣
#.....#.#.###.♣~♣~♣
##@#..#.#.....♣.♣♣~
#K##.#.#.###.♣♣.♣♣


#Kg ...#.#....♣♣.♣ ......####.####♣♣~ ................♣♣ ........###.....†..
........#....###.#. #..!.....#..>...#.#. #......#.#. You could see a goblin and
2 kobolds.

Vanquished Creatures
  An endoplasm (D:1)
  2 goblins (D:1)
  A kobold (D:1)
  A quokka (D:1)
  2 rats (D:1)
7 creatures vanquished.

Notes
Turn   | Place    | Note
-------+----------+-------------------------------------------
     0 | D:1      | Chiseanne the Demonspawn Wanderer began the quest for the
                  | Orb.
     0 | D:1      | Chiseanne set off with the following items: a +0 war axe, a
                  | +0 short sword, a wand of flame (5), a scroll of fear, a +0
                  | leather armour.
     0 | D:1      | Reached XP level 1. HP: 13/13 MP: 1/1
   102 | D:1      | Reached skill level 1 in Fighting
   139 | D:1      | Found a faded altar of an unknown god.
   156 | D:1      | Gained mutation: You have large cloven feet. [demonic
                  | ancestry]
   156 | D:1      | Reached XP level 2. HP: 10/22 MP: 2/2
   156 | D:1      | Quit the game

Illustrated notes

Levels and vault maps discovered:
D:1:      nagdon_arrival_double_spiral, layout_basic,
          dreamdust_ecumenical_altar_drowned_temple

Skill      XL: |  1 |
---------------+----+-----
Fighting       | 1 |  1.6
Short Blades   | |  1.7
Axes           | |  2.6
Armour         | |  1.0
Stealth        | |  1.0
Evocations     | |  3.0

Action                     || total
---------------------------++-------
  Melee: War axe           ||    24
 Armour: Leather armour    ||    12
  Dodge: Dodged            ||    18

Table legend: (Time is in decaauts)
 A = Elapsed time spent in this place.
 B = Non-inter-level travel time spent in this place.
 C = Inter-level travel time spent in this place.
 D = Time resting spent in this place.
 E = Time spent auto-exploring this place.
 F = Levels seen in this place.
 G = Mean time per level.
                   A        B        C        D        E       F      G
               +--------+--------+--------+--------+--------+-----+--------+
         Total |    198 |    198 |      0 |      0 |    145 |   1 |  198.0 |
       Dungeon |    198 |    198 |      0 |      0 |    145 |   1 |  198.0 |
               +--------+--------+--------+--------+--------+-----+--------+

Top non-repeatable levels by time:
     D:1: 198 daAuts
